 Dungeon Crawl Stone Soup version 0.30-a0-50-gb2d611f6b1 (webtiles) character file.

Game seed: 18244657840295811634

17 LnG the Trooper (level 2, -1/27 HPs)
             Began as a Hill Orc Fighter on Sept 5, 2022.
             Slain by a frilled lizard (3 damage)
             ... on level 1 of the Dungeon.
             The game lasted 00:00:43 (182 turns).

LnG the Trooper (Hill Orc Fighter)                   Turns: 182, Time: 00:00:44

Health: -1/27      AC:  6    Str: 18    XL:     2   Next: 62%
Magic:  2/2        EV:  9    Int:  8    God:
Gold:   0          SH:  4    Dex: 10    Spells: 1/1 levels left

rFire   . . .      SeeInvis .    a - +0 war axe
rCold   . . .      Faith    .    c - +0 buckler
rNeg    . . .      Spirit   .    b - +0 scale mail
rPois   .          Reflect  .    (no helmet)
rElec   .          Harm     .    (no cloak)
rCorr   .          Rampage  .    (no gloves)
Will    .....                    (no boots)
Stlth   ..........               (no amulet)
HPRegen 0.09/turn                (no ring)
MPRegen 0.08/turn                (no ring)

@: lethally poisoned (-1 -> -11)
A: no striking features
a: no special abilities


You were on level 1 of the Dungeon.
You visited 1 branch of the dungeon, and saw 1 of its levels.

Inventory:

Hand Weapons
 a - a +0 war axe (weapon)
Armour
 b - a +0 scale mail (worn)
 c - a +0 buckler (worn)
Scrolls
 e - a scroll of amnesia {unknown}
 f - a scroll of silence {unknown}
Potions
 d - a potion of might


   Skills:
 + Level 4.0 Fighting
 + Level 3.0 Axes
 + Level 3.6 Armour
 + Level 3.5 Shields


You had one spell level left.
You didn't know any spells.
Your spell library was empty.

Dungeon Overview and Level Annotations

Branches:
Dungeon (1/15)

Altars:


Message History

Found a helmet.
A gnoll comes into view. It is wielding a +1 spear of venom.
Found a scroll labelled HICKEDI HIOME.
The gnoll shouts!
Found a bubbling pink potion.
A quokka and a frilled lizard come into view.
The frilled lizard hisses angrily.
The gnoll hits you with a +1 spear of venom.
You are poisoned.
You barely miss the gnoll.
You feel very sick.
The gnoll hits you with a +1 spear of venom.
You slash the gnoll!
The gnoll is severely wounded.
You feel sick.
The gnoll hits you with a +1 spear of venom.
You are more poisoned.
The gnoll barely misses you.
You hit the gnoll but do no damage.
The gnoll is severely wounded.
You feel very sick. The gnoll hits you but does no damage.
You are lethally poisoned!
The quokka closely misses you.
You hit the gnoll.
You kill the gnoll!
You hit the quokka but do no damage.
* * * LOW HITPOINT WARNING * * *
You feel very sick. The quokka closely misses you.
Your Fighting skill increases to level 4!
Your Axes skill increases to level 3!
You barely miss the frilled lizard. You barely miss the quokka.
* * * LOW HITPOINT WARNING * * *
You feel very sick.
The quokka bites you but does no damage.
The frilled lizard bites you but does no damage.
The quokka bites you but does no damage.
The frilled lizard bites you.
You die...

#(.......8.8.
.8#..
#............
.##.#
#..........8.
...
#..........##
##.
#..........#
.
##........##
##........#
#..........
#.@........
#.lr.......
#.........[
#.........
##.?......
#........
.!.......
......... #


You could see a quokka and a frilled lizard.

Vanquished Creatures
  A gnoll (D:1)
  A bat (D:1)
  2 giant cockroaches (D:1)
  A goblin (D:1)
  2 ball pythons (D:1)
7 creatures vanquished.

Notes
Turn   | Place    | Note
-------+----------+-------------------------------------------
     0 | D:1      | LnG the Hill Orc Fighter began the quest for the Orb.
     0 | D:1      | Reached XP level 1. HP: 19/19 MP: 1/1
   119 | D:1      | Reached XP level 2. HP: 25/27 MP: 2/2
   167 | D:1      | Found a faded altar of an unknown god.
   182 | D:1      | Reached skill level 4 in Fighting
   182 | D:1      | Slain by a frilled lizard

Illustrated notes

Levels and vault maps discovered:
D:1:      minmay_arrival_four_houses, layout_rooms,
          ebering_ecumenical_altar_ruins, chequers_serial_rivers_micro_a

Skill      XL: |  1  2 |
---------------+-------+-----
Fighting       | 4 |  4.0
Axes           | 3 |  3.0
Armour         | |  3.6
Shields        | |  3.5

Action                   || total
-------------------------++-------
Melee: War axe           ||    23
Armor: Scale mail        ||    13
Dodge: Dodged            ||    13
Block: Buckler           ||     2

Table legend: (Time is in decaauts)
 A = Elapsed time spent in this place.
 B = Non-inter-level travel time spent in this place.
 C = Inter-level travel time spent in this place.
 D = Time resting spent in this place.
 E = Time spent auto-exploring this place.
 F = Levels seen in this place.
 G = Mean time per level.
                   A        B        C        D        E       F      G
               +--------+--------+--------+--------+--------+-----+--------+
         Total |    190 |    190 |      0 |      0 |    131 |   1 |  190.0 |
       Dungeon |    190 |    190 |      0 |      0 |    131 |   1 |  190.0 |
               +--------+--------+--------+--------+--------+-----+--------+

Top non-repeatable levels by time:
     D:1: 190 daAuts
